 Dungeon Crawl Stone Soup version 0.29-a0-25-g7f48f510a0 (webtiles) character file.

Game seed: 9132393639383864220

2948 Bosse the Thaumaturge (level 10, -2/60 HPs)
             Began as a Djinni Fire Elementalist on Jan 31, 2022.
             Was a Follower of Ru.
             Slain by a vampire mosquito (5 damage)
             ... on level 7 of the Dungeon.
             The game lasted 00:30:21 (9201 turns).

Bosse the Thaumaturge (Djinni Fire Elementalist)    Turns: 9201, Time: 00:30:21

Health: -2/60      AC:  5    Str:  7    XL:     10   Next: 7%
Gold:   226        EV: 14    Int: 21    God:    Ru [*.....] SH:  0 Dex: 14

rFire   + + .      SeeInvis .   o - +4 short sword
rCold   x . .      Faith    .   (no shield)
rNeg    . . .      Spirit   .   r - +0 steam dragon scales
rPois   ∞          Reflect  .   (no helmet)
rElec   .          Harm     .   (no cloak)
rCorr   .          Rampage  .   (no gloves)
Will    +....                   (boots unavailable)
Stlth   +++.......              (no amulet)
HPRegen 0.20/turn               (no ring)
MPRegen 0.00/turn               (no ring)

@: flying
A: sickness immunity, fire resistance 2, cold vulnerability 1, missing an eye,
float, innate caster, HP casting, extra vitality 1
a: Renounce Religion


You were on level 7 of the Dungeon.
You worshipped Ru.
Ru was aware of your devotion.
You visited 2 branches of the dungeon, and saw 8 of its levels.

You collected 226 gold pieces.

Inventory:

Hand Weapons
 o - a +4 short sword (weapon)
Armour
 a - a +0 robe
 r - +0 steam dragon scales (worn)
Jewellery
 h - a +4 ring of slaying
 n - a +6 ring of strength
Scrolls
 b - 2 scrolls of silence
 c - 3 scrolls of teleportation
 e - 3 scrolls of magic mapping
 i - 2 scrolls of fear
 j - 4 scrolls of identify
 p - 2 scrolls of fog {unknown}
Potions
 d - a potion of resistance {unknown}
 f - 5 potions of might {unknown}
 g - 3 potions of curing {unknown}
 k - a potion of lignification {unknown}
 l - a potion of cancellation {unknown}
 m - 3 potions of mutation {unknown}
 q - a potion of berserk rage {unknown}


   Skills:
 * Level 5.0 Dodging
 * Level 4.4 Stealth
 * Level 9.4 Spellcasting


You had 4 spell levels left.
You knew the following spells:

 Your Spells              Type           Power      Damage    Failure   Level
a - Foxfire               Conj/Fire      100%       2x1d9     1%          1
b - Scorch                Fire           98%        2d9       1%          2
c - Conjure Flame         Conj/Fire      49%        6-21      1%          3
d - Inner Flame           Hex/Fire       49%        N/A       1%          3
e - Flame Wave            Conj/Fire      49%        2d10      1%          4
f - Slow                  Hex            100%       N/A       1%          1
g - Passwall              Tmut/Erth      40%        N/A       1%          2
h - Frozen Ramparts       Ice            98%        1d11      1%          3
i - Sticky Flame          Conj/Fire      49%        2d7       1%          4
Your spell library was empty.

Dungeon Overview and Level Annotations

Branches:
Dungeon (7/15)             Temple (1/1) D:4

Altars:
Ashenzari
Cheibriados
Dithmenos
Elyvilon
Fedhas
Gozag
Hepliaklqana
Kikubaaqudgha
Makhleb
Nemelex Xobeh
Okawaru
Qazlal
Ru
Sif Muna
Trog
Uskayaw
Vehumet
Wu Jian
Xom
Yredelemnul
Zin
The Shining One

Shops:
D:3 =   D:6 =

Annotations:
D:7 Tagedieb's ghost, novice VSEn


Innate Abilities, Weirdness & Mutations

You are immune to sickness and miasma.
You are immune to poison.
Your flesh is very heat resistant. (rF++)
You are vulnerable to cold. (rC-)
You are missing an eye, making it more difficult to aim.
You float through the air rather than walking.
You learn spells naturally, not from books.
Your magical power is your life essence.
You have superior vitality. (+4 MHP)


Message History

The bullfrog hits you. Tagedieb's ghost hits you!
Flames lash Tagedieb's ghost.
Tagedieb's ghost is burned terribly!
Tagedieb's ghost is moderately damaged.
The bullfrog hits you but does no damage.
The iguana misses you. The bullfrog barely misses you.
Tagedieb's ghost hits you!
Flames lash Tagedieb's ghost but do no damage.
The iguana bites you! The bullfrog barely misses you.
Tagedieb's ghost hits you!
* * * LOW HITPOINT WARNING * * *
You are too injured to fight recklessly!
You are too injured to fight recklessly!
You are too injured to fight recklessly!
You are too injured to fight recklessly!
You are too injured to fight recklessly!
You are too injured to fight recklessly!
The vampire mosquito is no longer more vulnerable to fire.
The orc barely misses you.
The bullfrog hits you but does no damage.
The ice beast hits you.
* * * LOW HITPOINT WARNING * * *
The ice beast freezes you!
You feel a terrible chill!
* * * LOW HITPOINT WARNING * * *
The orc barely misses you. The bullfrog hits you.
* * * LOW HITPOINT WARNING * * *
The vampire mosquito barely misses you.
The vampire mosquito closely misses you.
The ice beast hits you but does no damage.
The ice beast hits you but does no damage.
The vampire mosquito bites you but does no damage.
Tagedieb's ghost is no longer more vulnerable to fire.
The ice beast closely misses you.
The vampire mosquito bites you but does no damage.
Tagedieb's ghost keens inconsolably.
The vampire mosquito misses you. Tagedieb's ghost completely misses you.
There is a transporter here.
You enter the transporter and appear at another place.
The vampire mosquito bites you.
You die...

.. ##...........
###.K...
.#.###..#.........
.......
.............#####
.#.#.# ####....###.#
....# ####.....# ..#
#.#.####.......###.##
#.#....#.#.##..##..#
##.......yW....)##.#
##....÷...@.....))..#
####.....#########...)##
.#.......##8.:($.8##..##
......#..#.........#..#
..#....)#..#../#..#..#
.....##..#.#.....#.#..#
.... #).#ol..©....#..#
....###..#F#Y....#.#..#
.........#..#...#..#..#


You could see a vampire mosquito, an ice beast, Tagedieb's ghost and an orc.

Vanquished Creatures
  A two-headed ogre (D:6)
  A centaur zombie (D:7)
  A steam dragon (D:6)
  A water moccasin (D:7)
  3 sky beasts
  An ice beast (D:6)
  3 ogres
  A kobold brigand (D:7)
  2 scorpions
  2 bullfrogs
  A wyvern zombie (D:7)
  2 bullfrog zombies (D:5)
  2 hounds
  2 bullfrog skeletons (D:5)
  A gnoll shaman (D:7)
  An orc priest (D:4)
  3 jellies
  A centaur skeleton (D:6)
  3 iguanas
  Terence (D:2)
  3 scorpion zombies (D:5)
  A hound zombie (D:5)
  A hound skeleton (D:4)
  6 gnolls
  12 adders
  A white imp (D:6)
  An adder skeleton (D:4)
  2 worms
  5 dart slugs
  5 orcs
  7 endoplasms
  2 giant cockroaches
  8 goblins
  5 hobgoblins
  2 jackals (D:2)
  3 quokkas
  7 ball pythons
  6 bats
  5 frilled lizards
  8 kobolds
  6 rats
129 creatures vanquished.

Vanquished Creatures (others)
  452 foxfires
452 creatures vanquished.

Grand Total: 581 creatures vanquished

Notes
Turn   | Place    | Note
-------+----------+-------------------------------------------
     0 | D:1      | Bosse the Djinni Fire Elementalist began the quest for the
                  | Orb.
     0 | D:1      | Reached XP level 1. HP: 15/15 MP: 0/0
   221 | D:1      | Reached XP level 2. HP: 18/21 MP: 0/0
   467 | D:1      | Reached skill level 3 in Spellcasting
   839 | D:1      | Reached XP level 3. HP: 22/25 MP: 0/0
   839 | D:1      | Learned a level 1 spell: Slow
  1041 | D:1      | Found a faded altar of an unknown god.
  1713 | D:1      | Reached XP level 4. HP: 9/31 MP: 0/0
  2517 | D:2      | Noticed Terence
  2524 | D:2      | Killed Terence
  2628 | D:2      | Reached XP level 5. HP: 33/35 MP: 0/0
  2628 | D:2      | Learned a level 2 spell: Passwall
  2960 | D:3      | Reached skill level 4 in Spellcasting
  3022 | D:3      | Found Vuczao's Jewellery Shop.
  3305 | D:3      | Noticed an ogre
  3313 | D:3      | Killed an ogre
  3314 | D:3      | Reached XP level 6. HP: 22/40 MP: 0/0
  3954 | D:3      | Found a hazy altar of Hepliaklqana.
  4318 | D:4      | Noticed an ogre
  4325 | D:4      | Killed an ogre
  4326 | D:4      | Reached skill level 5 in Spellcasting
  4326 | D:4      | Reached XP level 7. HP: 39/45 MP: 0/0
  4326 | D:4      | Learned a level 3 spell: Frozen Ramparts
  4598 | D:4      | Found a staircase to the Ecumenical Temple.
  4607 | Temple   | Entered the Ecumenical Temple
  4783 | Temple   | Became a worshipper of Ru the Awakened
  5135 | D:4      | Found a burning altar of Makhleb.
  5511 | D:5      | Entered Level 5 of the Dungeon
  5785 | D:5      | Reached skill level 6 in Spellcasting
  5785 | D:5      | Reached XP level 8. HP: 32/50 MP: 0/0
  6523 | D:5      | Gained mutation: You are missing an eye, making it more
                  | difficult to aim. [Ru sacrifice]
  6523 | D:5      | Reached * piety under Ru
  7236 | D:6      | Noticed a two-headed ogre
  7242 | D:6      | Killed a two-headed ogre
  7243 | D:6      | Reached skill level 8 in Spellcasting
  7243 | D:6      | Reached XP level 9. HP: 34/55 MP: 0/0
  7243 | D:6      | Learned a level 4 spell: Sticky Flame
  7564 | D:6      | Found Jiadwan's Jewellery Shoppe.
  8293 | D:7      | Noticed Tagedieb's ghost (novice VSEn)
  8300 | D:7      | Reached skill level 9 in Spellcasting
  8751 | D:7      | Found a transporter.
  8754 | D:7      | Found a transporter.
  8766 | D:7      | Reached XP level 10. HP: 35/60 MP: 0/0
  8812 | D:7      | Reached skill level 5 in Dodging
  9192 | D:7      | HP: 2/60 [ice beast (7)]
  9201 | D:7      | Slain by a vampire mosquito

Illustrated notes

Levels and vault maps discovered:
D:1:      enne_arrival_octagon_isle, layout_loops_ring,
          chequers_ecumenical_altar_simple_redux
D:2:      layout_basic, uniq_terence
D:3:      minmay_general_purpose_star, layout_basic, serial_shops,
          nicolae_shop_trees, st_stairs_13, kennysheep_flooded_box
D:4:      layout_cave_pools, kennysheep_mini, minmay_temple_entry_glass,
          minmay_misc_feat_more_columns, kennysheep_generic_room_11
D:5:      layout_cave_pods, serial_rivers, chequers_serial_rivers_micro_c,
          chequers_serial_rivers_marsh, chequers_serial_rivers_small_a,
          chequers_serial_rivers_micro_c, chequers_serial_rivers_large_a,
          chequers_serial_rivers_large_b, hangedman_minor_gate_pass
D:6:      layout_loops_cross, minmay_shop_enchanted_jewellery,
          patterned_corridor
D:7:      layout_rooms, gammafunk_ghost_arena
Temple:   dpeg_three_leaves_temple

Skill      XL: |  1  2  3  4  5  6  7  8  9 10 |
---------------+-------------------------------+-----
Spellcasting   | 3 4 5 6 8 9 |  9.4
Stealth        | 2 3 4 |  4.4
Dodging        | 3 4 5 |  5.0

Action                   |  1- 3 |  4- 6 |  7- 9 | 10-12 || total
-------------------------+-------+-------+-------+-------++-------
Melee: Unarmed           |    13 |       |       |       ||    13
 Cast: Foxfire           |    68 |   142 |    91 |       ||   301
       Scorch            |       |       |    82 |    13 ||    95
Invok: Sacrifice an Eye  |       |       |     1 |       ||     1
  Use: Scroll            |     2 |     3 |     4 |       ||     9
Armor: Robe              |     2 |       |     6 |       ||     8
       Steam dragon scal |       |       |     9 |     6 ||    15
Dodge: Dodged            |    10 |     9 |    20 |    15 ||    54

Table legend: (Time is in decaauts)
 A = Elapsed time spent in this place.
 B = Non-inter-level travel time spent in this place.
 C = Inter-level travel time spent in this place.
 D = Time resting spent in this place.
 E = Time spent auto-exploring this place.
 F = Levels seen in this place.
 G = Mean time per level.
                   A        B        C        D        E       F      G
               +--------+--------+--------+--------+--------+-----+--------+
         Total |   9200 |   9086 |    114 |   1697 |   6113 |   8 | 1150.0 |
       Dungeon |   9013 |   8899 |    114 |   1697 |   6113 |   7 | 1287.6 |
        Temple |    186 |    186 |      0 |      0 |      0 |   1 |  186.0 |
               +--------+--------+--------+--------+--------+-----+--------+

Top non-repeatable levels by time:
     D:1: 1913 daAuts
     D:5: 1313 daAuts
     D:3: 1251 daAuts
     D:7: 1201 daAuts
     D:6: 1173 daAuts
     D:4: 1144 daAuts
     D:2: 1015 daAuts
  Temple: 186 daAuts
